 Dungeon Crawl Stone Soup version 0.26.1-2-gb8aa6d0cf2 (webtiles) character file.

Game seed: 16106478335987590373

49 nightchill the Chiller (level 3, 20/20 HPs)
             Began as a Gargoyle Ice Elementalist on Mar 1, 2021.
             Got out of the dungeon alive.
             The game lasted 00:03:46 (1836 turns).

nightchill the Chiller (Gargoyle Ice Elementalist)  Turns: 1836, Time: 00:03:47

Health: 20/20      AC:  5    Str: 12    XL:     3   Next: 75%
Magic:  6/6        EV: 12    Int: 15    God:
Gold:   89         SH:  0    Dex: 10    Spells: 3/7 levels left

rFire    . . .     SeeInvis .   k - +0 whip
rCold    . . .     Faith    .   (no shield)
rNeg     + . .     Spirit   .   a - +0 robe
rPois    ∞         Reflect  .   (no helmet)
rElec    +         Harm     .   (no cloak)
rCorr    .         Rampage  .   (no gloves)
Will     .....                  (no boots)
Stlth    ++........             (no amulet)
HPRegen  0.06/turn              (no ring)
MPRegen  0.10/turn              (no ring)

@: no status effects
A: negative energy resistance 1, electricity resistance, unbreathing,
petrification resistance, miasma immunity, AC +3
a: no special abilities


You escaped.
You visited 1 branch of the dungeon, and saw 2 of its levels.

You collected 89 gold pieces.

Inventory:

Hand Weapons
 b - a +0 club
 k - a +0 whip (weapon)
Missiles
 g - 34 stones
Armour
 a - a +0 robe (worn)
Scrolls
 h - a scroll of amnesia {unknown}
 l - a scroll of noise {unknown}
 m - a scroll of fear {unknown}
Potions
 c - a potion of invisibility {unknown}
 d - a potion of ambrosia {unknown}
 e - a potion of haste
 f - a potion of curing {unknown}
 i - a potion of magic {unknown}
 j - a potion of resistance {unknown}


   Skills:
 + Level 1.5 Fighting
 - Level 1.5 Dodging
 - Level 2.1 Stealth
 + Level 2.5 Spellcasting
 * Level 4.7 Ice Magic


You had 3 spell levels left.
You knew the following spells:

 Your Spells              Type           Power        Failure   Level
a - Freeze                Ice            64%          3%          1
b - Frozen Ramparts       Ice            32%          9%          3

Your spell library contained the following spells:

 Spells                   Type           Power        Failure   Level
 Ozocubu's Armour         Ice            16%          9%          3
 Hailstorm                Conj/Ice       8%           63%         4
 Summon Ice Beast         Ice/Summ       8%           63%         4


Dungeon Overview and Level Annotations

Branches:
Dungeon (2/15)

Altars:


Innate Abilities, Weirdness & Mutations

You are resistant to torment.
Your stone body is resilient. (AC +3)
You are immune to poison.
You resist negative energy. (rN+)
You are resistant to electric shocks. (rElec)
You can survive without breathing.
You are immune to petrification.
You are immune to miasma.


Message History

Magic restored.
Saving game... please wait.
Welcome back, nightchill the Gargoyle Ice Elementalist.
Press ? for a list of commands and other information.
Okay, then.
Annotate which branch? (. - D:2, ? - help, ! - show branch list)
Okay, then.
(D) Dungeon
Where to? (? - help)
What level of the Dungeon? (default 1, ? - help)
You see here a scale mail.
There is a stone staircase leading up here.
You climb upwards.
There is a stone staircase leading down here.
You see here 18 sling bullets.
There is a stone staircase leading down here.
There is a large open door here.
There is a staircase leading out of the dungeon here.
Are you sure you want to leave the Dungeon?
This will make you lose the game!
You have escaped!

###..........# #..#'###..##.# #
###.#..##....# #..#.# #..##.# #
..#.#..##....#####..#.###..##.###
......................>..........
#.#....############....##..##.###
#.#....#8≈≈≈≈§≈≈8##....##..##.# #
#....#.#.[.......##....##..##.###
..##.#.#.........##........).....
..##.#.'....8...@##....###....###
..#..#.'....8....#...............
.....#.#.........##....###.######
.....#.#.........##.....##.### #
...#...#8≈≈≈≈≈≈≈8#...........# #
####...###########......(#.#.# #
..................[...#..#.#.# #
#######..#.#######....#....#.# #
#######..#................[#.# #


There were no monsters in sight!

Vanquished Creatures
  An ooze (D:2)
  A worm (D:2)
  2 dart slugs
  A leopard gecko (D:1)
  An orc (D:2)
  A ball python (D:1)
  7 goblins
  5 hobgoblins (D:1)
  5 bats (D:1)
  3 frilled lizards
  5 kobolds
  A rat (D:1)
33 creatures vanquished.

Notes
Turn   | Place    | Note
-------+----------+-------------------------------------------
     0 | D:1      | nightchill the Gargoyle Ice Elementalist began the quest
                  | for the Orb.
     0 | D:1      | Reached XP level 1. HP: 10/10 MP: 3/3
   310 | D:1      | Reached XP level 2. HP: 12/16 MP: 3/5
   523 | D:1      | Reached skill level 1 in Fighting
   749 | D:1      | Reached XP level 3. HP: 20/20 MP: 6/6
  1548 | D:2      | Learned a level 3 spell: Frozen Ramparts
  1836 | D:$      | Got out of the dungeon alive.

Illustrated notes

Levels and vault maps discovered:
D:1:      lightli_arrival_noodles, layout_basic
D:2:      layout_loops_corners, vehumet_crystals, general_overflow_altar,
          kennysheep_minor_cross, minmay_tetromino_s2

Skill      XL: |  1  2 |
---------------+-------+-----
Fighting       | 1 |  1.5
Dodging        | |  1.5
Stealth        | |  2.1
Spellcasting   | |  2.5
Ice Magic      | |  4.7

Action                   || total
-------------------------++-------
Melee: Club              ||     4
       Whip              ||    23
 Cast: Freeze            ||    50
Armor: Robe              ||    24
Dodge: Dodged            ||    42
